Workbook

Sheet Income Tracker
A1: Date | B1: Video Title | C1: Video ID | D1: Income Source | E1: Platform | F1: Views | G1: Revenue ($) | H1: RPM ($/1000 views) | I1: Payment Status | J1: Tax Est (20%) | K1: Notes
A2: 2026-01-05 | B2: How to Edit Videos Faster | C2: VID001 | D2: AdSense | E2: YouTube | F2: 15000 | G2: 120 | H2: =IF(F2>0,G2/F2*1000,"") | I2: Paid | J2: =IF(G2>0,G2*0.2,"")
A3: 2026-01-10 | B3: Camera Review | C3: VID002 | D3: Affiliate | E3: Amazon | F3: 8000 | G3: 75 | H3: =IF(F3>0,G3/F3*1000,"") | I3: Paid | J3: =IF(G3>0,G3*0.2,"")
A4: 2026-01-15 | B4: Tech Setup Tour | C4: VID003 | D4: Sponsorship | E4: Brand | F4: 20000 | G4: 300 | H4: =IF(F4>0,G4/F4*1000,"") | I4: Pending | J4: =IF(G4>0,G4*0.2,"")
A5: 2026-02-03 | B5: Best YouTube Tools | C5: VID004 | D5: AdSense | E5: YouTube | F5: 17000 | G5: 140 | H5: =IF(F5>0,G5/F5*1000,"") | I5: Paid | J5: =IF(G5>0,G5*0.2,"")
A6: 2026-02-11 | B6: Lighting Setup Guide | C6: VID005 | D6: Affiliate | E6: Amazon | F6: 9000 | G6: 90 | H6: =IF(F6>0,G6/F6*1000,"") | I6: Paid | J6: =IF(G6>0,G6*0.2,"")
H7: =IF(F7>0,G7/F7*1000,"") | J7: =IF(G7>0,G7*0.2,"")
H8: =IF(F8>0,G8/F8*1000,"") | J8: =IF(G8>0,G8*0.2,"")
H9: =IF(F9>0,G9/F9*1000,"") | J9: =IF(G9>0,G9*0.2,"")
H10: =IF(F10>0,G10/F10*1000,"") | J10: =IF(G10>0,G10*0.2,"")
H11: =IF(F11>0,G11/F11*1000,"") | J11: =IF(G11>0,G11*0.2,"")
H12: =IF(F12>0,G12/F12*1000,"") | J12: =IF(G12>0,G12*0.2,"")
H13: =IF(F13>0,G13/F13*1000,"") | J13: =IF(G13>0,G13*0.2,"")
H14: =IF(F14>0,G14/F14*1000,"") | J14: =IF(G14>0,G14*0.2,"")
H15: =IF(F15>0,G15/F15*1000,"") | J15: =IF(G15>0,G15*0.2,"")
H16: =IF(F16>0,G16/F16*1000,"") | J16: =IF(G16>0,G16*0.2,"")
H17: =IF(F17>0,G17/F17*1000,"") | J17: =IF(G17>0,G17*0.2,"")
H18: =IF(F18>0,G18/F18*1000,"") | J18: =IF(G18>0,G18*0.2,"")
... H199: =IF(F199>0,G199/F199*1000,"") | J199: =IF(G199>0,G199*0.2,"")

Sheet Video Analytics
A1: Video ID | B1: Video Title | C1: Upload Date | D1: Views | E1: Watch Time (hrs) | F1: Subscribers Gained | G1: Revenue ($)
A2: VID001 | B2: How to Edit Videos Faster | C2: 2026-01-05 | D2: 15000 | E2: 800 | F2: 120 | G2: 120
A3: VID002 | B3: Camera Review | C3: 2026-01-10 | D3: 8000 | E3: 420 | F3: 60 | G3: 75
A4: VID003 | B4: Tech Setup Tour | C4: 2026-01-15 | D4: 20000 | E4: 1100 | F4: 200 | G4: 300
A5: VID004 | B5: Best YouTube Tools | C5: 2026-02-03 | D5: 17000 | E5: 900 | F5: 150 | G5: 140
A6: VID005 | B6: Lighting Setup Guide | C6: 2026-02-11 | D6: 9000 | E6: 500 | F6: 80 | G6: 90

Sheet Dashboard
A1: YouTube Creator Revenue Dashboard
A3: Income Source | B3: Total Revenue | H3: Video | I3: Subscribers Gained
A4: AdSense | B4: =SUMIF('Income Tracker'!D:D,"AdSense",'Income Tracker'!G:G) | H4: ='Video Analytics'!B2 | I4: ='Video Analytics'!F2
A5: Affiliate | B5: =SUMIF('Income Tracker'!D:D,"Affiliate",'Income Tracker'!G:G) | H5: ='Video Analytics'!B3 | I5: ='Video Analytics'!F3
A6: Sponsorship | B6: =SUMIF('Income Tracker'!D:D,"Sponsorship",'Income Tracker'!G:G) | H6: ='Video Analytics'!B4 | I6: ='Video Analytics'!F4
H7: ='Video Analytics'!B5 | I7: ='Video Analytics'!F5
A8: Total Revenue | B8: =SUM(B4:B6) | H8: ='Video Analytics'!B6 | I8: ='Video Analytics'!F6
A10: Estimated Taxes (20%) | B10: =SUM('Income Tracker'!J:J)
A14: Month | B14: Revenue
A15: Jan | B15: =SUMIFS('Income Tracker'!G:G,'Income Tracker'!A:A,">="&DATE(2026,1,1),'Income Tracker'!A:A,"<"&DATE(2026,2,1))
A16: Feb | B16: =SUMIFS('Income Tracker'!G:G,'Income Tracker'!A:A,">="&DATE(2026,2,1),'Income Tracker'!A:A,"<"&DATE(2026,3,1))
A17: Mar | B17: =SUMIFS('Income Tracker'!G:G,'Income Tracker'!A:A,">="&DATE(2026,3,1),'Income Tracker'!A:A,"<"&DATE(2026,4,1))
A18: Apr | B18: =SUMIFS('Income Tracker'!G:G,'Income Tracker'!A:A,">="&DATE(2026,4,1),'Income Tracker'!A:A,"<"&DATE(2026,5,1))
A19: May | B19: =SUMIFS('Income Tracker'!G:G,'Income Tracker'!A:A,">="&DATE(2026,5,1),'Income Tracker'!A:A,"<"&DATE(2026,6,1))
A20: Jun | B20: =SUMIFS('Income Tracker'!G:G,'Income Tracker'!A:A,">="&DATE(2026,6,1),'Income Tracker'!A:A,"<"&DATE(2026,7,1))
A21: Jul | B21: =SUMIFS('Income Tracker'!G:G,'Income Tracker'!A:A,">="&DATE(2026,7,1),'Income Tracker'!A:A,"<"&DATE(2026,8,1))
A22: Aug | B22: =SUMIFS('Income Tracker'!G:G,'Income Tracker'!A:A,">="&DATE(2026,8,1),'Income Tracker'!A:A,"<"&DATE(2026,9,1))
A23: Sep | B23: =SUMIFS('Income Tracker'!G:G,'Income Tracker'!A:A,">="&DATE(2026,9,1),'Income Tracker'!A:A,"<"&DATE(2026,10,1))
A24: Oct | B24: =SUMIFS('Income Tracker'!G:G,'Income Tracker'!A:A,">="&DATE(2026,10,1),'Income Tracker'!A:A,"<"&DATE(2026,11,1))
A25: Nov | B25: =SUMIFS('Income Tracker'!G:G,'Income Tracker'!A:A,">="&DATE(2026,11,1),'Income Tracker'!A:A,"<"&DATE(2026,12,1))
A26: Dec | B26: =SUMIFS('Income Tracker'!G:G,'Income Tracker'!A:A,">="&DATE(2026,12,1),'Income Tracker'!A:A,"<"&DATE(2026,13,1))

Sheet Settings
A1: Creator Settings
A3: Default Tax Rate | B3: 0.2
